 Dungeon Crawl Stone Soup version 0.24-a0-769-g368c164 (webtiles) character file.

Game seed: 7821892761199840668, levelgen mode: deterministic

84 tbh1313 the Chopper (level 4, 0/39 HPs)
             Began as a Hill Orc Monk on Oct 6, 2019.
             Succumbed to an adder's poison
             ... on level 2 of the Dungeon.
             The game lasted 00:02:32 (1137 turns).

tbh1313 the Chopper (Hill Orc Monk)                 Turns: 1137, Time: 00:02:32

Health: 0/39       AC:  2    Str: 14    XL:     4   Next: 46%
Magic:  4/4        EV: 13    Int: 10    God:
Gold:   53         SH:  0    Dex: 13    Spells: 3/3 levels left

rFire    . . .     SeeInvis .   a - +0 hand axe
rCold    . . .     Gourm    .   (no shield)
rNeg     . . .     Faith    .   b - +0 robe
rPois    .         Spirit   .   (no helmet)
rElec    .         Reflect  .   (no cloak)
rCorr    .         Harm     .   (no gloves)
MR       .....                  (no boots)
Stlth    ++........             (no amulet)
HPRegen  0.13/turn              (no ring)
MPRegen  0.09/turn              (no ring)

@: lethally poisoned (0 -> -1), hasted, very quick
A: no striking features
a: no special abilities


You were on level 2 of the Dungeon.
You were very full.

You visited 1 branch of the dungeon, and saw 2 of its levels.

You collected 53 gold pieces.

Inventory:

Hand Weapons
 a - a +0 hand axe (weapon)
Armour
 b - a +0 robe (worn)
Scrolls
 d - 2 scrolls of identify
 g - a scroll of magic mapping
Comestibles
 c - 3 rations
 f - 4 chunks of flesh


   Skills:
 - Level 3.6 Fighting
 + Level 6.8 Axes
 - Level 2.4 Dodging
 - Level 1.5 Stealth


You had 3 spell levels left.
You didn't know any spells.
Your spell library was empty.

Dungeon Overview and Level Annotations

Branches:
Dungeon (2/15)

Altars:
Dithmenos


Message History

You feel sick.
* * * LOW HITPOINT WARNING * * *
You feel sick.
* * * LOW HITPOINT WARNING * * *
You feel sick.
* * * LOW HITPOINT WARNING * * *
You feel sick.
Found a scale mail.
You feel yourself speed up.
You eat one of the 5 rations.
That ration really hit the spot!
You eat one of the 4 rations.
That ration really hit the spot!
There is a lethal amount of poison in your body!
* * * LOW HITPOINT WARNING * * *
You feel sick.
You see here a scale mail.
* * * LOW HITPOINT WARNING * * *
You feel sick.
Things that are here:
a +0 club; a goblin skeleton You die...

*,#####.......#*># #.
#.#...........##.#* #.
#.#.###.###...#.#,** #)
#.#.###.###....#*#.############.
#.#.##...##...## *#.............
#......_.......###..####.######.
##..##...##.###.#...# #.# #.
#..###.###)###..#######.### #.
#..###.###.#..@...........# #.
#..........#)##########.#.# #.
#...[..#####.# #.#.# #.
######.......# #.#.# #.
######### #.#.# #. #.#.####.
#.#...... #.####### #..,,,,,,


There were no monsters in sight!

Levels and vault maps discovered:
D:1:      psy_arrival_basics, layout_loops_cross, minmay_hexomino_u4
D:2:      layout_loops_ring, nicolae_overflow_crystal_walls,
          lemuel_coloured_pillars_altar, uniq_natasha, uniq_jessica

Notes
Turn   | Place    | Note
-------+----------+-------------------------------------------
     0 | D:1      | tbh1313 the Hill Orc Monk began the quest for the Orb.
     0 | D:1      | Reached XP level 1. HP: 19/19 MP: 1/1
    36 | D:1      | HP: 1/19 [leopard gecko (2)]
   384 | D:1      | Reached XP level 2. HP: 24/26 MP: 2/2
   501 | D:1      | Reached skill level 5 in Axes
   557 | D:1      | Reached XP level 3. HP: 28/31 MP: 3/3
   981 | D:2      | Noticed Jessica
   986 | D:2      | Reached skill level 6 in Axes
   993 | D:2      | Killed Jessica
   993 | D:2      | Reached XP level 4. HP: 36/39 MP: 4/4
  1059 | D:2      | Found a shadowy altar of Dithmenos.
  1112 | D:2      | HP: 3/39 [poisoned by an adder]
  1117 | D:2      | HP: 2/39 [poisoned by an adder]
  1125 | D:2      | HP: 1/39 [poisoned by an adder]
  1131 | D:2      | HP: 1/39 [poisoned by an adder]
  1137 | D:2      | Succumbed to an adder's poison

Table legend:
 A = Turns spent in this place as a percentage of turns spent in the entire game.
 B = Non-inter-level travel turns spent in this place as a percentage of non-inter-level travel turns spent in the entire game.
 C = Inter-level travel turns spent in this place as a percentage of turns spent in this place.
 D = Turns resting spent in this place as a percentage of non-inter-level travel turns spent in this place.
 E = Turns spent auto-exploring this place as a percentage of non-inter-level travel turns spent in this place.
 F = Non-inter-level travel turns spent in this place divided by the number of levels of this place that you've seen.
                   A       B       C       D       E      F
               +-------+-------+-------+-------+-------+----------------------
         Total | 100.0 | 100.0 |   0.7 |  34.8 |  40.6 | 564.5
       Dungeon | 100.0 | 100.0 |   0.7 |  34.8 |  40.6 | 564.5
               +-------+-------+-------+-------+-------+----------------------

Table legend:
 A = Kills in this place as a percentage of kills in entire the game.
 B = Kills by you in this place as a percentage of kills by you in the entire game.
 C = Kills by friends in this place as a percentage of kills by friends in the entire game.
 D = Other kills in this place as a percentage of other kills in the entire game.
 E = Experience gained in this place as a percentage of experience gained in the entire game.
 F = Experience gained in this place divided by the number of levels of this place that you have seen.
                   A       B       C       D       E      F
               +-------+-------+-------+-------+-------+----------------------
         Total | 100.0 | 100.0 |   N/A |   N/A | 100.0 |  60.5
       Dungeon | 100.0 | 100.0 |   N/A |   N/A | 100.0 |  60.5
               +-------+-------+-------+-------+-------+----------------------

Action                   |  1- 3 |  4- 6 || total
-------------------------+-------+-------++-------
Melee: Hand axe          |    89 |    31 ||   120
  Use: Scroll            |     3 |     1 ||     4
       Potion            |       |     1 ||     1
 Stab: Sleeping          |     3 |       ||     3
  Eat: Ration            |       |     2 ||     2
       Chunk             |       |     1 ||     1
Armor: Robe              |    23 |     4 ||    27
Dodge: Dodged            |    53 |    13 ||    66

Vanquished Creatures
  Jessica (D:2)
  An adder (D:2)
  2 oozes (D:1)
  2 dart slugs
  2 leopard geckos (D:1)
  3 giant cockroaches
  4 goblins
  3 hobgoblins
  5 bats
  A frilled lizard (D:2)
  5 kobolds
  6 rats
35 creatures vanquished.
